 Dungeon Crawl Stone Soup version 0.30-a0-1160-g6e42c06551 (webtiles) character file.

Game seed: 5489637943346339211

32943 LobsterGuardian the Ripper (level 13, -5/59 HPs)
             Began as a Felid Delver on Apr 26, 2023.
             Was a High Priest of Nemelex Xobeh.
             Slain by a spriggan defender simulacrum (13 damage)
             ... in an ice cave.
             The game lasted 01:27:01 (22789 turns).

LobsterGuardian the Ripper (Felid Delver)          Turns: 22789, Time: 01:27:03

Health: -5/59      AC:  7    Str:  8    XL:     13   Next: 34%
Magic:  27/27      EV: 26    Int: 18    God:    Nemelex Xobeh [*****.]
Gold:   1688       SH:  0    Dex: 22    Spells: 11/30 levels left
                                        Lives:  0   Deaths: 4

rFire   . .          .
                       - Unarmed
rCold   + . .        (shield unavailable)
rNeg    . . .        (body armour unavailable)
rPois   .            (helmet unavailable)
rElec   .            (cloak unavailable)
rCorr   .            (gloves unavailable)
SInv    +            (boots unavailable)
Will    +....        K - amulet of regeneration
Stlth   +++++++      u - +6 ring of intelligence
HPRegen 1.09/turn    t - +4 ring of protection
MPRegen 0.20/turn

%: no passive effects
@: quick
A: very small, claws 1, fangs 3, see invisible, speed 1, shaggy fur 3, stealthy
paws, no weapons or thrown items, no armour, multi-lived, robust 1
a: Renounce Religion, Draw Escape, Draw Destruction, Draw Summoning, Triple
Draw, Deal Four, Stack Five


You were in an ice cave.
You worshipped Nemelex Xobeh.
Nemelex Xobeh was extremely pleased with you.
You visited 2 branches of the dungeon, and saw 19 of its levels.
You also visited: Ice Cave.

You collected 1784 gold pieces.
You spent 96 gold pieces at shops.

Inventory:

Jewellery
 h - a ring of positive energy
 k - an amulet of faith
 r - a ring of positive energy
 t - a +4 ring of protection (right paw)
 u - a +6 ring of intelligence (left paw)
 F - a ring of resist corrosion
 J - a ring of flight
 K - an amulet of regeneration (around neck)
Wands
 e - a wand of digging (3)
 v - a wand of acid (3)
 w - a wand of iceblast (2)
 y - a wand of flame (7)
 B - a wand of mindburst (4)
 D - a wand of polymorph (4)
Scrolls
 a - 2 scrolls of fog
 b - a scroll of magic mapping
 d - 4 scrolls of immolation
 f - 2 scrolls of amnesia
 i - a scroll of blinking
 q - 9 scrolls of teleportation
 E - 3 scrolls of identify
 H - 2 scrolls of noise {unknown}
Potions
 c - a potion of haste
 g - 8 potions of heal wounds
 j - 2 potions of attraction
 l - 4 potions of magic {unknown}
 m - 11 potions of flight
 n - 2 potions of brilliance
 o - 2 potions of ambrosia
 p - 8 potions of curing
 s - 3 potions of degeneration
 x - a potion of might
 z - a potion of cancellation {unknown}
 A - 3 potions of lignification {unknown}
 C - a potion of invisibility
 G - 2 potions of berserk rage
 I - a potion of resistance


   Skills:
 + Level 4.5 Fighting
 + Level 9.6 Dodging
 + Level 15.9 Stealth
 + Level 16.7 Unarmed Combat
 * Level 9.1 Spellcasting
 + Level 3.6 Conjurations
 + Level 11.0 Hexes
 + Level 0.4 Air Magic
 * Level 6.7 Invocations
 + Level 3.5 Evocations


You had 11 spell levels left.
You knew the following spells:

 Your Spells              Type           Power      Damage    Failure   Level
a - Dazzling Flash        Conj/Hex       68%        N/A       1%          3
b - Static Discharge      Conj/Air       30%        2-4/arc   6%          2
c - Tukima's Dance        Hex            48%        N/A       1%          3
d - Cigotuvi's Dreadful   Necr/Pois/Air  16%        N/A       12%         2
e - Yara's Violent Unrav  Hex/Tmut       14%        3d7       24%         5
f - Airstrike             Air            4%         2d(1-17)  58%         4

Your spell library contained the following spells:

 Spells                   Type           Power      Damage    Failure   Level
 Apportation              Tloc           16%        N/A       9%          1
 Freeze                   Ice            32%        1d5       9%          1
 Sandblast                Erth           16%        2d6       9%          1
 Hailstorm                Conj/Ice       14%        3d5       12%         3
 Stone Arrow              Conj/Erth      28%        3d8       12%         3
 Passwall                 Tmut/Erth      6%         N/A       13%         2
 Silence                  Hex/Air        14%        N/A       22%         5
 Frozen Ramparts          Ice            16%        1d3       26%         3
 Summon Lightning Spire   Summ/Air       9%         N/A       61%         4
 Dispel Undead            Necr           8%         3d8       65%         4
 Passage of Golubria      Tloc           8%         N/A       65%         4
 Agony                    Necr           8%         N/A       94%         5
 Alistair's Intoxication  Tmut/Pois      5%         N/A       94%         5
 Death Channel            Necr           4%         N/A       100%        6


Dungeon Overview and Level Annotations

Branches:
Dungeon (14/15)            Temple (0/1) D:4            Lair (5/5) D:8
 Shoals (0/4) Lair:3        Snake (0/4) Lair:2        Slime (0/5) Lair:5
    Orc (0/2) D:9           IceCv (1/1)
 Vaults: D:13-14

Altars:
Ashenzari
Cheibriados
Elyvilon
Hepliaklqana
Nemelex Xobeh
Okawaru
Ru
Sif Muna
Trog
Wu Jian
Xom
Yredelemnul
Zin

Shops:
D:1 (   D:4 (   D:8 !

Annotations:
D:7 exclusion: door


Innate Abilities, Weirdness & Mutations

You have sharp claws.
You have razor-sharp teeth.
You have supernaturally acute eyesight. (SInv)
You cover ground quickly. (Speed+)
Your thick and shaggy fur keeps you warm. (AC +3, rC+)
Your paws help you pounce on unaware monsters.
You are incapable of wielding weapons or throwing items.
You cannot wear armour.
You gain extra lives every three experience levels.
You are robust. (+10% HP)


Message History

The deep troll simulacrum claws you. The deep troll simulacrum freezes you.
You resist.
You scratch the deep troll simulacrum.
Your claw misses the deep troll simulacrum.
The deep troll simulacrum is almost destroyed.
You claw the deep troll simulacrum!
The deep troll simulacrum vaporises!
HP restored.
A minotaur simulacrum comes into view.
A minotaur simulacrum is nearby!
An ice devil and a spriggan defender simulacrum come into view.
The spriggan defender simulacrum moves out of view.
You catch the helpless minotaur simulacrum completely off-guard!
You eviscerate the minotaur simulacrum!!!
The minotaur simulacrum vaporises!
You miss the spriggan defender simulacrum.
The spriggan defender simulacrum completely misses you.
You scratch the spriggan defender simulacrum.
The spriggan defender simulacrum is lightly damaged.
The spriggan defender simulacrum barely misses you.
You claw the spriggan defender simulacrum!
Your claw misses the spriggan defender simulacrum.
Your bite misses the spriggan defender simulacrum.
The spriggan defender simulacrum is moderately damaged.
The spriggan defender simulacrum misses you.
You mangle the spriggan defender simulacrum!!
The spriggan defender simulacrum is almost destroyed.
The spriggan defender simulacrum hits you!
The spriggan defender simulacrum freezes you!!
You resist.
You are too injured to fight recklessly!
The spriggan defender simulacrum attacks as you move away!
The spriggan defender simulacrum hits you but does no damage.
The spriggan defender simulacrum attacks as you move away!
The spriggan defender simulacrum hits you!!
* * * LOW HITPOINT WARNING * * *
The spriggan defender simulacrum freezes you!
You resist.
You die...
Your body disappears without a glow.

###...##### #≈ #..###
#≈≈ ##..### #≈≈# ##...##
# #≈≈# ##.#.## #. #≈≈
#....####..###≈#
#...###[###4..###
##...###.####Z..#
##...#.####@..##
###...##...### ###
###....### ..## ######
#..###### ##
###.....#### ≈≈##
#######....########≈≈≈≈≈
..########....##≈≈≈≈≈≈≈≈
#....#######.....≈≈≈≈≈≈≈


You could see a spriggan defender simulacrum.

Vanquished Creatures
  Erolcha (D:9)
  2 hydras
  2 centaur warriors (D:13)
  Erica (D:9)
  3 catoblepae (Lair:5)
  3 boulder beetles
  6 two-headed ogres
  5 death yaks
  A skyshark (Lair:5)
  A lindwurm (Lair:5)
  An ugly thing (D:12)
  A cyclops (D:13)
  13 elephants
  4 oklob plants (Lair:3)
  2 manticores (Lair:5)
  3 black mambas
  5 cane toads
  An orange demon (Lair:1)
  3 komodo dragons
  4 freezing wraiths
  2 rime drakes
  4 ice devils (IceCv)
  A hornet (D:8)
  A troll (D:11)
  2 polar bears
  Prince Ribbit (D:9)
  Grinder (D:5)
  10 blink frogs
  A dream sheep (Lair:3)
  A snapping turtle (Lair:3)
  3 slime creatures (D:12)
  2 wraiths (D:11)
  Sigmund (D:6)
  A vampire (D:12)
  43 yaks
  A spriggan (D:8)
  4 wyverns
  A human (shapeshifter) (D:13)
  A basilisk (Lair:1)
  Eustachio (D:4)
  5 vampire mosquitoes
  2 minotaur simulacra (IceCv)
  3 nagas (Lair:2)
  2 orc warriors
  13 water moccasins
  2 sky beasts (D:7)
  3 ice beasts
  5 black bears
  An alligator simulacrum (IceCv)
  2 ogres (D:4)
  13 wolves
  9 centaurs
  2 phantoms
  2 gnoll sergeants
  9 bullfrogs
  A kobold brigand (D:4)
  3 scorpions
  5 deep troll simulacra (IceCv)
  5 wights (D:7)
  A lindwurm simulacrum (IceCv)
  14 killer bees
  6 electric eels
  5 hounds
  2 jellies
  A quasit (D:6)
  7 orc priests
  2 gnoll boudas
  5 iguanas
  Ijyb (D:4)
  3 orc wizards
  A sleepcap (D:5)
  Robin (D:2)
  32 gnolls
  3 adders
  A shadow imp (D:7)
  2 worms
  3 dart slugs
  32 orcs
  6 endoplasms
  7 giant cockroaches
  20 goblins
  18 hobgoblins
  18 jackals
  6 quokkas
  7 ball pythons
  5 bats
  5 frilled lizards
  11 kobolds
  7 rats
463 creatures vanquished.

Vanquished Creatures (collateral kills)
  An azure jelly (D:14)
  2 hydras
  2 death yaks
  Amaemon (Lair:1)
  A swamp dragon (Lair:4)
  2 spriggan simulacra (IceCv)
  A cane toad (Lair:2)
  A komodo dragon (Lair:2)
  A polar bear (Lair:2)
  A tyrant leech (D:12)
  A merfolk (D:12)
  4 blink frogs (Lair:4)
  15 yaks
  A wraith (D:11)
  2 vampire mosquitoes (D:13)
  A water moccasin (Lair:5)
  A naga (Lair:2)
  A floating eye (D:12)
  2 wolves (Lair:5)
  A centaur (D:9)
  3 lemures (D:6)
  A kobold brigand (D:9)
  3 wights (D:6)
  2 howler monkeys (D:11)
  An electric eel (Lair:2)
  An orc priest (D:4)
  4 gnolls
  An adder (D:6)
  An orc (D:4)
  2 kobolds (D:9)
61 creatures vanquished.

Vanquished Creatures (others)
  3 dancing weapons (D:13)
  12 fungi
  72 plants
87 creatures vanquished.

Grand Total: 611 creatures vanquished

Notes
Turn   | Place    | Note
-------+----------+-------------------------------------------
     0 | D:5      | LobsterGuardian the Felid Delver began the quest for the
                  | Orb.
     0 | D:5      | Reached XP level 1. HP: 10/10 MP: 2/2
     1 | D:5      | Found a glowing silver altar of Zin.
     9 | D:5      | Noticed an ice beast
    22 | D:5      | Became a worshipper of Nemelex Xobeh the Trickster
    52 | D:5      | Noticed a phantom
    90 | D:5      | Noticed a sleepcap
   108 | D:5      | Noticed an orc warrior
   108 | D:5      | Noticed an orc wizard
   126 | D:5      | Noticed Grinder
   141 | D:4      | Noticed Ijyb
   218 | D:3      | Found a white marble altar of Elyvilon.
   269 | D:2      | Reached XP level 2. HP: 8/14 MP: 3/3
   435 | D:1      | Reached * piety under Nemelex Xobeh
   561 | D:1      | Received a gift from Nemelex Xobeh
   708 | D:1      | Reached XP level 3. HP: 17/17 MP: 4/4
  1177 | D:1      | Found Ceadd's Antique Weapon Emporium.
  1208 | D:1      | Reached ** piety under Nemelex Xobeh
  1676 | D:2      | Noticed Robin
  1713 | D:2      | Reached skill level 3 in Unarmed Combat
  2072 | D:2      | Reached XP level 4. HP: 21/21 MP: 5/5
  2411 | D:2      | Killed Robin
  2565 | D:2      | Learned a level 3 spell: Dazzling Flash
  2677 | D:3      | Reached XP level 5. HP: 24/24 MP: 6/6
  3198 | D:3      | Reached skill level 1 in Hexes
  3384 | D:4      | Reached *** piety under Nemelex Xobeh
  3402 | D:4      | Noticed an ogre
  3435 | D:3      | Killed by miscasting Dazzling Flash
  3436 | D:3      | Reached XP level 4. HP: -3/21 MP: 3/5
  3519 | D:4      | Found Juuh's Weapon Shoppe.
  3531 | D:4      | Killed an ogre
  3532 | D:4      | Reached skill level 4 in Unarmed Combat
  3532 | D:4      | Reached XP level 5. HP: 24/24 MP: 6/6
  3754 | D:4      | Killed Ijyb
  3755 | D:4      | Found a staircase to the Ecumenical Temple.
  3827 | D:4      | Gained mutation: You are covered in thick fur. (AC +2)
                  | [Felid growth]
  3827 | D:4      | Reached XP level 6. HP: 28/28 MP: 7/7
  3891 | D:4      | Identified the -1 quarterstaff of Forgiveness {venom, rF+
                  | MP+9 Int+3}
  3909 | D:4      | Reached skill level 5 in Unarmed Combat
  4143 | D:4      | Reached skill level 1 in Evocations
  4235 | D:4      | Noticed Eustachio
  4238 | D:4      | Killed Eustachio
  4239 | D:4      | Reached skill level 6 in Unarmed Combat
  4239 | D:4      | Reached XP level 7. HP: 31/31 MP: 8/8
  4433 | D:4      | Learned a level 2 spell: Static Discharge
  4529 | D:4      | Received a gift from Nemelex Xobeh
  4563 | D:4      | Found a hazy altar of Hepliaklqana.
  4758 | D:3      | HP: 1/31 [gnoll/+0 flail[a gnoll bouda] (12)]
  5305 | D:5      | Killed Grinder
  5306 | D:5      | Reached skill level 7 in Unarmed Combat
  5306 | D:5      | Reached skill level 1 in Spellcasting
  5422 | D:5      | Reached XP level 8. HP: 34/34 MP: 10/10
  5898 | D:5      | Reached **** piety under Nemelex Xobeh
  5972 | D:5      | Reached skill level 10 in Stealth
  6305 | D:5      | Received a gift from Nemelex Xobeh
  6993 | D:6      | Reached skill level 8 in Unarmed Combat
  7227 | D:6      | Noticed Sigmund
  7234 | D:6      | Killed Sigmund
  7251 | D:6      | Found an iron altar of Okawaru.
  7259 | D:6      | Found a bloodstained altar of Trog.
  7450 | D:6      | Reached XP level 9. HP: 28/38 MP: 13/13
  7571 | D:6      | Reached skill level 5 in Hexes
  7657 | D:6      | Reached skill level 9 in Unarmed Combat
  7675 | D:6      | Noticed Pikel
  7798 | D:6      | Pikel changed into Pikel the water moccasin
  7798 | D:6      | Noticed Pikel
  7801 | D:6      | Killed Pikel the water moccasin
  7878 | D:6      | Received a gift from Nemelex Xobeh
  8187 | D:7      | Reached skill level 5 in Dodging
  8356 | D:7      | Found a shimmering blue altar of Sif Muna.
  8423 | D:7      | Received a gift from Nemelex Xobeh
  9020 | D:7      | Reached skill level 10 in Unarmed Combat
  9290 | D:8      | Found an ornate altar of the Wu Jian Council.
  9298 | D:8      | Found a broken altar of Ashenzari.
  9304 | D:8      | Found a shimmering altar of Xom.
  9348 | D:8      | Reached ***** piety under Nemelex Xobeh
  9495 | D:8      | Received a gift from Nemelex Xobeh
  9583 | D:8      | Reached XP level 10. HP: 30/42 MP: 16/16
  9716 | D:8      | Found a staircase to the Lair.
  9716 | D:8      | Noticed a death yak
  9717 | D:8      | Noticed a death yak
  9718 | D:8      | Noticed a death yak
  9751 | D:8      | Killed a death yak
  9752 | D:8      | Killed a death yak
  9771 | D:8      | Reached skill level 11 in Unarmed Combat
  9920 | D:8      | a death yak changed into an eight-headed hydra
  9920 | D:8      | Noticed an eight-headed hydra
  9925 | D:8      | Killed an eight-headed hydra
  9947 | D:8      | Found Tenkotov's Distillery.
  9955 | D:8      | Bought a potion of mutation for 96 gold pieces
  9955 | D:8      | Gained mutation: You are frail. (-10% HP) [potion of
                  | mutation]
  9955 | D:8      | Gained mutation: You are resistant to electric shocks.
                  | (rElec) [potion of mutation]
  9955 | D:8      | Gained mutation: Your mind is acute. (Int +4, Str/Dex -1)
                  | [potion of mutation]
  9969 | D:8      | Found a snail-covered altar of Cheibriados.
 10041 | D:9      | Found a staircase to the Orcish Mines.
 10167 | D:9      | Found a basalt altar of Yredelemnul.
 10258 | D:9      | Noticed Erolcha
 10265 | D:9      | Killed Erolcha
 10266 | D:9      | Reached skill level 12 in Unarmed Combat
 10382 | D:9      | Noticed a two-headed ogre
 10389 | D:9      | Killed a two-headed ogre
 10390 | D:9      | Reached XP level 11. HP: 40/40 MP: 18/18
 10940 | D:9      | Received a gift from Nemelex Xobeh
 10966 | D:9      | Noticed Prince Ribbit
 10973 | D:9      | Killed Prince Ribbit
 11095 | D:9      | Noticed Erica
 11108 | D:9      | HP: 1/40 [Erica/+0 scimitar of flaming (13)]
 11108 | D:9      | Slain by Erica
 11109 | D:9      | Reached XP level 10. HP: 0/37 MP: 12/17
 11153 | D:9      | Killed Erica
 11282 | D:10     | Entered Level 10 of the Dungeon
 11614 | D:10     | Noticed a two-headed ogre
 11626 | D:10     | Received a gift from Nemelex Xobeh
 11641 | D:10     | Killed a two-headed ogre
 11674 | D:10     | Reached skill level 5 in Spellcasting
 11683 | D:10     | Reached skill level 13 in Unarmed Combat
 12233 | D:11     | Reached XP level 11. HP: 40/40 MP: 19/19
 12265 | D:11     | Noticed a two-headed ogre
 12268 | D:11     | Killed a two-headed ogre
 12824 | D:11     | Received a gift from Nemelex Xobeh
 12876 | D:11     | Reached skill level 14 in Unarmed Combat
 13079 | D:12     | Found a sacrificial altar of Ru.
 13107 | D:12     | Noticed a soul eater
 13109 | D:12     | Paralysed by a floating eye for 3 turns
 13110 | D:12     | HP: 1/40 [tyrant leech (17)]
 13110 | D:12     | Mangled by a merfolk
 13111 | D:12     | Reached XP level 10. HP: -9/37 MP: 19/19
 13161 | D:12     | Noticed a green ugly thing
 13161 | D:12     | Noticed a two-headed ogre
 13216 | D:10     | Lost mutation: You are resistant to electric shocks.
                  | (rElec) [potion of mutation]
 13216 | D:10     | Lost mutation: Your mind is acute. (Int +4, Str/Dex -1)
                  | [potion of mutation]
 13216 | D:10     | Lost mutation: You are frail. (-10% HP) [potion of
                  | mutation]
 13216 | D:10     | Gained mutation: You are robust. (+10% HP) [potion of
                  | mutation]
 13216 | D:10     | Gained mutation: Your mind is acute. (Int +4, Str/Dex -1)
                  | [potion of mutation]
 13216 | D:10     | Gained mutation: You are vulnerable to cold. (rC-) [potion
                  | of mutation]
 13216 | D:10     | Gained mutation: You are somewhat resistant to further
                  | mutation. [potion of mutation]
 13223 | D:10     | Learned a level 3 spell: Tukima's Dance
 13226 | D:10     | Learned a level 2 spell: Cigotuvi's Dreadful Rot
 13283 | Lair:1   | Entered Level 1 of the Lair of Beasts
 13316 | Lair:1   | Received a gift from Nemelex Xobeh
 13320 | Lair:1   | Noticed a black mamba
 13335 | Lair:1   | Killed a black mamba
 13451 | Lair:1   | Noticed a cane toad
 13462 | Lair:1   | Killed a cane toad
 13601 | Lair:1   | Reached skill level 1 in Conjurations
 13740 | Lair:1   | Reached XP level 11. HP: 49/49 MP: 20/20
 13993 | Lair:1   | Noticed Amaemon
 14011 | Lair:1   | Killed Amaemon
 14026 | Lair:1   | Reached skill level 1 in Invocations
 14353 | Lair:1   | Received a gift from Nemelex Xobeh
 14524 | Lair:2   | Reached ****** piety under Nemelex Xobeh
 14578 | Lair:2   | Reached skill level 15 in Unarmed Combat
 14891 | Lair:2   | Noticed an eight-headed hydra
 14895 | Lair:2   | Killed an eight-headed hydra
 15015 | Lair:2   | Found a staircase to the Snake Pit.
 15854 | Lair:3   | Gained mutation: Your thick and shaggy fur keeps you warm.
                  | (AC +3, rC+) [Felid growth]
 15854 | Lair:3   | Reached XP level 12. HP: 53/53 MP: 23/23
 16321 | Lair:3   | Reached skill level 10 in Hexes
 16444 | Lair:3   | Lost mutation: Your mind is acute. (Int +4, Str/Dex -1)
                  | [potion of mutation]
 16444 | Lair:3   | Lost mutation: You are somewhat resistant to further
                  | mutation. [potion of mutation]
 16444 | Lair:3   | Lost mutation: You are vulnerable to cold. (rC-) [potion of
                  | mutation]
 16444 | Lair:3   | Gained mutation: You are very robust. (+20% HP) [potion of
                  | mutation]
 16444 | Lair:3   | Lost mutation: You are very robust. (+20% HP) [potion of
                  | mutation]
 16537 | Lair:3   | Received a gift from Nemelex Xobeh
 16914 | Lair:3   | Found a staircase to the Shoals.
 17584 | Lair:4   | Noticed an eight-headed hydra
 17863 | Lair:4   | Noticed a boulder beetle
 17876 | Lair:4   | Killed a boulder beetle
 18074 | Lair:4   | Received a gift from Nemelex Xobeh
 18128 | Lair:4   | Killed an eight-headed hydra
 18499 | Lair:5   | Entered Level 5 of the Lair of Beasts
 18499 | Lair:5   | Noticed a boulder beetle
 18734 | Lair:5   | Reached XP level 13. HP: 57/58 MP: 21/25
 19047 | Lair:5   | Reached skill level 16 in Unarmed Combat
 19061 | Lair:5   | Reached skill level 5 in Invocations
 19290 | Lair:5   | Received a gift from Nemelex Xobeh
 19488 | Lair:5   | Reached skill level 15 in Stealth
 19794 | Lair:5   | Found a staircase to the Slime Pits.
 19894 | Lair:5   | Received a gift from Nemelex Xobeh
 21270 | D:12     | Slain by a tengu warrior
 21271 | D:12     | Reached XP level 12. HP: -2/55 MP: 19/25
 21441 | D:13     | Noticed a two-headed ogre
 21443 | D:13     | Received a gift from Nemelex Xobeh
 21473 | D:13     | Killed a two-headed ogre
 21552 | D:13     | Noticed a centaur warrior
 21555 | D:13     | Killed a centaur warrior
 21742 | D:13     | Reached XP level 13. HP: 40/59 MP: 23/26
 22175 | D:14     | Found a frozen archway.
 22175 | D:14     | Noticed an azure jelly
 22259 | D:14     | Killed an azure jelly
 22270 | IceCv    | Entered an ice cave
 22697 | IceCv    | Learned a level 5 spell: Yara's Violent Unravelling
 22702 | IceCv    | Learned a level 4 spell: Airstrike
 22789 | IceCv    | Slain by a spriggan defender simulacrum

Illustrated notes

Levels and vault maps discovered:
D:1:      dpeg_arrival_morbid_curiosity, layout_loops_corners, serial_shops,
          nicolae_shop_real_fake_doors
D:2:      layout_basic, uniq_robin
D:3:      layout_rooms, mainiacjoe_overflow_chevrons, st_stairs_2,
          minmay_crystal_water, grunt_ministairs_2,
          hangedman_abyss_or_decor_lesser_grid, minmay_misc_feat_chi
D:4:      lemuel_castle_with_subvaults [lemuel_castle_interior_carwin_2],
          layout_basic, mainiacjoe_overflow_brackets,
          minmay_temple_entry_drinking_statues, serial_shops,
          nicolae_stop_n_shop_1, uniq_eustachio, uniq_ijyb
D:5:      layout_layer_cave, mainiacjoe_overflow_catwalk_spiral,
          gup_sewer_entry_pipe, sigmund_army, uniq_grinder
D:6:      layout_cave_pods, overflow_temple_1_default, old_standard_altar,
          serial_glass, glass_columns_a, glass_columns_b, glass_columns_a,
          glass_columns_b, uniq_pikel, uniq_sigmund
D:7:      layout_rooms, led_sif_book, serial_glass, glass_columns_a,
          glass_columns_a, minmay_fountain_box, david_defended_altar_orc
D:8:      layout_basic, cheibriados_altar_1, grunt_temple_overflow_open,
          dpeg_lair_monsters, serial_shops, shop
D:9:      layout_loops_ring, mainiacjoe_overflow_boulevard, orc_0_dummy,
          uniq_prince_ribbit1, uniq_erolcha, uniq_erica
D:10:     layout_roguey, serial_bayou, serial_bayou_pond_a,
          serial_bayou_shore_b, serial_bayou_lagoon_a, serial_bayou_pond_c
D:11:     layout_loops_ring
D:12:     layout_roguey, nicolae_ru_sacrificial_ziggurat
D:13:     layout_loops_corners, chequers_serial_rivers_micro_c
D:14:     layout_stronghold, erik_vaults_2, portal_ice_cave_entry_frozen_things,
          demons_altar
Lair:1:   layout_loops_ring, st_stairs_7, pdpol_lair_neglected_garden,
          columned_hall_lemuel, uniq_amaemon
Lair:2:   layout_misc_corridors, minmay_snake_entry_guardpost_small,
          serial_bayou_lake_a
Lair:3:   minmay_lair_oklob_chamber, layout_gridlike, minmay_shoals_entry_hut,
          beast_lair_carwin_9
Lair:4:   layout_concentric_octagons
Lair:5:   evilmike_catoblepas_cave, layout_cave_shapes,
          dpeg_slime_entry_enclosed, chequers_serial_rivers_micro_b,
          grunt_megastairs_3
IceCv:    ice_cave_caverns_01

Skill      XL: |  1  2  3  4  5  6  7  8  9 10 11 12 13 |
---------------+----------------------------------------+-----
Stealth        | 7 8 9 10 11 12 13 14 15 | 15.9
Unarmed Combat | 3 4 6 7 8 10 13 15 16 | 16.7
Dodging        | 3 4 5 7 8 9 |  9.6
Hexes          | 1 2 3 4 6 9 10 11 | 11.0
Evocations     | 1 2 3 |  3.5
Spellcasting   | 1 2 3 5 6 7 9 |  9.1
Conjurations   | 1 2 3 |  3.6
Fighting       | 4 |  4.5
Invocations    | 3 4 6 |  6.7
Air Magic      | |  0.4

Action                     |  1- 3 |  4- 6 |  7- 9 | 10-12 | 13-15 || total
---------------------------+-------+-------+-------+-------+-------++-------
  Melee: Unarmed           |   134 |   191 |   336 |   642 |   232 ||  1535
         Bite              |    15 |    20 |    36 |    92 |    36 ||   199
         Punch             |       |     5 |    19 |    65 |    24 ||   113
   Cast: Dazzling Flash    |       |       |     1 |    77 |    39 ||   117
         Cigotuvi's Dreadf |       |       |       |     1 |       ||     1
         Static Discharge  |       |       |       |     3 |     1 ||     4
         Tukima's Dance    |       |       |       |     5 |     7 ||    12
 Invoke: Draw Summoning    |       |     1 |     3 |    18 |     4 ||    26
         Draw Destruction  |       |       |     8 |    24 |    18 ||    50
         Draw Escape       |       |       |       |     2 |     4 ||     6
  Evoke: Wand              |       |    10 |    36 |    16 |     5 ||    67
    Use: Scroll            |     3 |     5 |     3 |     9 |     2 ||    22
         Potion            |     1 |       |       |     4 |       ||     5
   Stab: Sleeping          |    18 |    13 |    17 |    27 |     9 ||    84
         Distracted        |     1 |     1 |     3 |     4 |     4 ||    13
         Petrified         |       |       |     3 |     3 |       ||     6
         Invisible         |       |       |       |    44 |    30 ||    74
         Petrifying        |       |       |       |     1 |       ||     1
 Armour: Skin              |     7 |    12 |    27 |    61 |    32 ||   139
  Dodge: Dodged            |   126 |   132 |   265 |   591 |   272 ||  1386

Table legend: (Time is in decaauts)
 A = Elapsed time spent in this place.
 B = Non-inter-level travel time spent in this place.
 C = Inter-level travel time spent in this place.
 D = Time resting spent in this place.
 E = Time spent auto-exploring this place.
 F = Levels seen in this place.
 G = Mean time per level.
                   A        B        C        D        E       F      G
               +--------+--------+--------+--------+--------+-----+--------+
         Total |  19769 |  18742 |   1027 |    146 |  14247 |  20 |  988.5 |
       Dungeon |  12820 |  12011 |    809 |     18 |   8988 |  14 |  915.7 |
          Lair |   6502 |   6284 |    218 |    128 |   4970 |   5 | 1300.4 |
      Ice Cave |    447 |    447 |      0 |      0 |    289 |   1 |  447.0 |
               +--------+--------+--------+--------+--------+-----+--------+

Top non-repeatable levels by time:
  Lair:3: 1524 daAuts
     D:5: 1471 daAuts
     D:4: 1376 daAuts
  Lair:5: 1342 daAuts
  Lair:4: 1306 daAuts
  Lair:2: 1178 daAuts
  Lair:1: 1151 daAuts
     D:6: 1118 daAuts
     D:1: 1087 daAuts
     D:8: 1081 daAuts
     D:2: 1031 daAuts
     D:3: 939 daAuts
     D:7: 908 daAuts
    D:10: 761 daAuts
    D:11: 761 daAuts
